 Dungeon Crawl Stone Soup version 0.29.0-4-gdea44cf6ec (webtiles) character file.

Game seed: 16470294583075949997

353 qw the Chopper (level 6, -2/36 HPs)
             Began as a Tengu Warper on Aug 28, 2022.
             Was an Initiate of Okawaru.
             Slain by a gnoll
             ... wielding a +0 spear
             ... led by a gnoll bouda
              (3 damage)
             ... on level 5 of the Dungeon.
             The game lasted 00:00:33 (5291 turns).

qw the Chopper (Tengu Warper)                       Turns: 5291, Time: 00:00:34

Health: -2/36      AC:  8    Str: 14    XL:     6   Next: 62%
Magic:  3/3        EV:  7    Int: 13    God:    Okawaru [......]
Gold:   198        SH:  0    Dex: 13    Spells: 9/9 levels left

rFire   . . .      SeeInvis .   Y - +1 war axe (antimagic)
rCold   . . .      Faith    .   (no shield)
rNeg    . . .      Spirit   .   i - +0 chain mail
rPois   .          Reflect  .   (helmet restricted)
rElec   .          Harm     .   (no cloak)
rCorr   .          Rampage  .   (no gloves)
Will    .....                   (boots unavailable)
Stlth   ..........              (no amulet)
HPRegen 0.12/turn               (no ring)
MPRegen 0.08/turn               (no ring)

@: flying quickly and evasively, quick
A: beak, talons 3, nimble flight
a: Renounce Religion


You were on level 5 of the Dungeon.
You worshipped Okawaru.
Okawaru was noncommittal.
You visited 2 branches of the dungeon, and saw 6 of its levels.

You collected 221 gold pieces.
You spent 23 gold pieces at shops.


Innate Abilities, Weirdness & Mutations

You have a beak for a mouth.
You have claws for feet.
Your magical nature lets you fly swiftly and evasively.


   Skills:
 - Level 2.9 Fighting
 - Level 7.0 Axes
 - Level 1.0 Throwing
 + Level 1.6 Armour
 - Level 2.1 Dodging
 - Level 2.0 Spellcasting
 - Level 2.4 Translocations


You had 9 spell levels left.
You didn't know any spells.
Your spell library contained the following spells:

 Spells                   Type           Power      Damage    Failure   Level
 Blink                    Tloc           14%        N/A       98%         2
 Gell's Gravitas          Tloc           7%         N/A       100%        3
 Lesser Beckoning         Tloc           7%         N/A       100%        3
 Teleport Other           Tloc           7%         N/A       100%        3
 Manifold Assault         Tloc           7%         N/A       100%        5

Inventory:

Hand Weapons
 a - a +2 vorpal flail
 Y - a +1 antimagic war axe (weapon)
Armour
 c - the +4 cloak of Feral Awe {Harm Regen+ rCorr Int+3}
   (You acquired it on level 3 of the Dungeon)

   Int:       It affects your intelligence (+3).
   Regen:     It increases your rate of health regeneration.
   rCorr:     It protects you from acid and corrosion.
   Harm:      It increases damage dealt and taken.
 i - a +0 chain mail (worn)
Scrolls
 g - a scroll of identify
Potions
 b - a potion of invisibility {unknown}
 f - a potion of haste
 h - a potion of curing {unknown}

Dungeon Overview and Level Annotations

Branches:
Dungeon (5/15)             Temple (1/1) D:4

Altars:
Ashenzari
Cheibriados
Dithmenos
Elyvilon
Fedhas
Gozag
Hepliaklqana
Makhleb
Nemelex Xobeh
Okawaru
Qazlal
Ru
Sif Muna
Trog
Vehumet
Xom
Yredelemnul
Zin
The Shining One

Shops:
D:2 *[[


Message History

You closely miss the gnoll bouda.
You claw the gnoll bouda, but do no damage.
You peck the gnoll bouda, but do no damage.
You hit the gnoll. You slash the gnoll! The gnoll hits you with a +0 club.
The gnoll hits you but does no damage.
The gnoll hits you from afar with a +0 spear.
The gnoll barely misses you.
You slash the gnoll!
You kill the gnoll!
Okawaru accepts your kill.
You hit the gnoll bouda. You closely miss the gnoll.
The gnoll bouda barely misses you. The gnoll barely misses you.
The gnoll hits you but does no damage. The gnoll hits you with a +0 spear.
The gnoll bouda closely misses you.
You slash the gnoll bouda!
You claw the gnoll bouda, but do no damage.
The gnoll bouda is severely wounded.
You closely miss the gnoll. The gnoll hits you but does no damage.
The gnoll hits you from afar with a +0 spear.
The gnoll hits you with a +0 spear.
The gnoll bouda prays to its god.
The gnoll bouda is healed somewhat.
You hit the gnoll bouda but do no damage.
You claw the gnoll bouda.
The gnoll bouda is severely wounded.
You hit the gnoll.
The gnoll hits you from afar with a +0 spear.
The gnoll hits you but does no damage. The gnoll hits you with a +0 spear.
The gnoll bouda hits you with a +2 whip of pain!
An orc wizard comes into view. It is wielding a +0 dagger.
The orc wizard shouts!
You hit the gnoll bouda. You peck the gnoll bouda.
You kill the gnoll bouda!
Okawaru accepts your kill.
You slash the gnoll!
You kill the gnoll!
Okawaru accepts your kill.
The gnoll hits you from afar with a +0 spear.
You die...

.# .# .# # .#
###.#####.# #
o....g))..# .
#oog)@.# #
######)# ####
#.############...
#..............##
################


You could see an orc warrior, an orc wizard, 2 gnolls and an orc.

Vanquished Creatures
  A gnoll bouda (D:5)
  An orc priest (D:4)
  Jessica (D:2)
  Natasha (thrice) (D:2)
  2 iguanas (D:4)
  An orc wizard (D:4)
  3 gnolls (D:5)
  2 adders
  2 worms
  11 orcs
  8 ball pythons
  3 bats
  8 endoplasms
  6 giant cockroaches
  11 goblins
  5 hobgoblins
  7 jackals
  6 kobolds
  4 quokkas
  4 frilled lizards
  4 rats
93 creatures vanquished.

Notes
Turn   | Place    | Note
-------+----------+-------------------------------------------
     0 | D:1      | qw the Tengu Warper began the quest for the Orb.
     0 | D:1      | Reached XP level 1. HP: 12/12 MP: 4/4
     0 | D:1      | 0 ||| qw: Version: 0.1-a-89-g26bdef1
     0 | D:1      | 0 ||| qw: Game counter: 2404
     0 | D:1      | 0 ||| qw: Always use a shield: true
     0 | D:1      | 0 ||| qw: God list: Okawaru
     0 | D:1      | 0 ||| qw: Allow faded altars: false
     0 | D:1      | 0 ||| qw: Do Orc after D:15 true
     0 | D:1      | 0 ||| qw: Do second Lair branch before Depths: true
     0 | D:1      | 0 ||| qw: Lair rune preference: random
     0 | D:1      | 0 ||| qw: Plans: Normal
     0 | D:1      | 0 ||| PLANNING D:1-11
   155 | D:1      | Reached skill level 3 in Axes
   155 | D:1      | Reached XP level 2. HP: 14/17 MP: 6/6
   362 | D:1      | You fall into a shaft and drop 1 floor!
   369 | D:2      | Found a glowing silver altar of Zin.
   393 | D:2      | Found Zaddaaxa's Assorted Antiques.
   481 | D:2      | 481 ||| SHOPLISTING runed scale mail (161 gold, have 45).
   481 | D:2      | 481 ||| SHOPLISTING scale mail (92 gold, have 45).
   481 | D:2      | 481 ||| BUYING scroll labelled BAPEJE WISUB (23 gold).
   481 | D:2      | Bought a scroll labelled BAPEJE WISUB for 23 gold pieces
   481 | D:2      | 481 ||| SHOPLISTING scroll labelled FYOCINA GEMUES (23
                  | gold, have 22).
   481 | D:2      | 481 ||| SHOPLISTING scroll labelled OSSILOT NOMU (23 gold,
                  | have 22).
   481 | D:2      | 481 ||| SHOPLISTING scroll labelled PAIHEBB ULETT (23 gold,
                  | have 22).
   527 | D:2      | 527 ||| DROPPING +0 club.
   535 | D:2      | Reached XP level 3. HP: 21/21 MP: 7/7
   550 | D:2      | Found Poniweeb's Antique Armour Emporium.
   552 | D:2      | 552 ||| Stepping ~*~*~tactically~*~*~ (stealth).
   594 | D:2      | 594 ||| SHOPLISTING chain mail (130 gold, have 48).
   594 | D:2      | 594 ||| SHOPLISTING crude plate armour (812 gold, have 48).
   632 | D:2      | Noticed Jessica
   641 | D:2      | Killed Jessica
   642 | D:2      | Reached skill level 4 in Axes
   846 | D:2      | Reached XP level 4. HP: 26/26 MP: 8/8
   862 | D:2      | 862 ||| READING scroll labelled MIKUS ULIARAC.
  1004 | D:2      | 1004 ||| READING 2 scrolls labelled IJITYFYEPA.
  1005 | D:2      | 1005 ||| READING 2 scrolls labelled OSSILOT NOMU.
  1006 | D:2      | 1006 ||| READING 3 scrolls labelled FYOCINA GEMUES.
  1007 | D:2      | 1007 ||| READING scroll labelled BAPEJE WISUB.
  1012 | D:2      | 1012 ||| DRINKING 2 golden potions.
  1013 | D:2      | 1013 ||| DROPPING scroll of blinking.
  1014 | D:2      | 1014 ||| DROPPING scroll of amnesia.
  1015 | D:2      | 1015 ||| DROPPING potion of flight.
  1016 | D:2      | 1016 ||| DROPPING 2 scrolls of immolation.
  1189 | D:1      | 1189 ||| DROPPING +0 mace.
  1740 | D:1      | 1740 ||| UPGRADING to +0 ring mail.
  1750 | D:1      | 1750 ||| DROPPING +0 leather armour.
  1751 | D:1      | 1751 ||| READING scroll labelled CUANINUUNI.
  1752 | D:1      | 1752 ||| READING 3 scrolls of identify.
  1752 | D:1      | 1752 ||| IDENTIFYING sedimented white potion
  1753 | D:1      | 1753 ||| READING 2 scrolls of identify.
  1753 | D:1      | 1753 ||| IDENTIFYING grey potion
  1835 | D:2      | Found Kifijug's Armour Boutique.
  1838 | D:2      | 1838 ||| SHOPLISTING +1 plate armour of cold resistance
                  | (350 gold, have 79).
  1838 | D:2      | 1838 ||| SHOPLISTING +2 chain mail of cold resistance (215
                  | gold, have 79).
  1838 | D:2      | 1838 ||| SHOPLISTING +2 troll leather armour (270 gold,
                  | have 79).
  1849 | D:2      | Identified the +2 robe of Rurchiutt {rCorr}
  1903 | D:2      | Noticed Natasha
  1904 | D:2      | 1904 ||| Stepping ~*~*~tactically~*~*~ (stealth).
  1924 | D:2      | Killed Natasha
  1925 | D:2      | Reached skill level 5 in Axes
  2077 | D:2      | Noticed Natasha
  2086 | D:2      | HP: 6/26 [Natasha/magic dart (9)]
  2087 | D:2      | 2087 ||| DRINKING potion of heal wounds.
  2089 | D:2      | Killed Natasha
  2090 | D:2      | Gained mutation: Your magical nature lets you fly swiftly
                  | and evasively. [Tengu growth]
  2090 | D:2      | Reached XP level 5. HP: 20/30 MP: 9/9
  2165 | D:2      | Noticed Natasha
  2193 | D:2      | 2193 ||| Stepping ~*~*~tactically~*~*~ (hiding).
  2202 | D:2      | Killed Natasha
  2501 | D:2      | 2501 ||| DROPPING +2 robe of Rurchiutt {rCorr}.
  2502 | D:2      | 2502 ||| DRINKING 2 silvery potions.
  2549 | D:2      | 2549 ||| DROPPING potion of lignification.
  2562 | D:3      | 2562 ||| STAIRDANCE
  2565 | D:2      | Reached skill level 6 in Axes
  2596 | D:3      | 2596 ||| Stepping ~*~*~tactically~*~*~ (hiding).
  2634 | D:3      | 2634 ||| DROPPING +0 whip of flaming.
  2912 | D:3      | 2912 ||| SWAPPING to +0 war axe.
  2913 | D:3      | 2913 ||| DROPPING +0 hand axe.
  3006 | D:3      | 3006 ||| Stepping ~*~*~tactically~*~*~ (stealth).
  3139 | D:3      | 3139 ||| Stepping ~*~*~tactically~*~*~ (stealth).
  3282 | D:3      | Found a bloodstained altar of Trog.
  3337 | D:3      | 3337 ||| SWAPPING to +0 antimagic war axe.
  3338 | D:3      | 3338 ||| DROPPING +0 war axe.
  3343 | D:3      | 3343 ||| READING scroll labelled LOTEUGG WUES.
  3344 | D:3      | 3344 ||| READING scroll labelled YCUF LYOXI.
  3345 | D:3      | 3345 ||| READING scroll labelled EMEUMU YPSENO.
  3345 | D:3      | Identified a scroll of acquirement
  3345 | D:3      | 3345 ||| ACQUIRING +4 cloak of Feral Awe {Harm Regen+ rCorr
                  | Int+3}
  3345 | D:3      | Acquired the +4 cloak of Feral Awe {Harm Regen+ rCorr
                  | Int+3}
  3347 | D:3      | 3347 ||| DRINKING 3 lumpy green potions.
  3348 | D:3      | 3348 ||| READING 2 scrolls of identify.
  3348 | D:3      | 3348 ||| IDENTIFYING fizzy white potion
  3349 | D:3      | 3349 ||| DROPPING potion of ambrosia.
  3350 | D:3      | 3350 ||| DROPPING 2 potions of magic.
  3700 | D:4      | Reached XP level 6. HP: 23/35 MP: 3/10
  3700 | D:4      | 3700 ||| FLEEEEING.
  3701 | D:4      | 3701 ||| FLEEEEING.
  3702 | D:4      | 3702 ||| FLEEEEING.
  3703 | D:4      | 3703 ||| FLEEEEING.
  3704 | D:4      | 3704 ||| FLEEEEING.
  3705 | D:4      | 3705 ||| FLEEEEING.
  3706 | D:4      | 3706 ||| FLEEEEING.
  3707 | D:4      | 3707 ||| FLEEEEING.
  3709 | D:4      | 3709 ||| FLEEEEING.
  3710 | D:4      | 3710 ||| FLEEEEING.
  3711 | D:4      | 3711 ||| FLEEEEING.
  3713 | D:4      | 3713 ||| FLEEEEING.
  3714 | D:4      | 3714 ||| FLEEEEING.
  3715 | D:4      | 3715 ||| FLEEEEING.
  3716 | D:4      | 3716 ||| FLEEEEING.
  3717 | D:4      | 3717 ||| FLEEEEING.
  3718 | D:4      | 3718 ||| FLEEEEING.
  3719 | D:4      | 3719 ||| FLEEEEING.
  3720 | D:4      | 3720 ||| STAIRDANCE
  3808 | D:4      | HP: 8/35 [iguana (10)]
  3810 | D:4      | 3810 ||| STAIRDANCE
  4158 | D:4      | Reached skill level 7 in Axes
  4408 | D:4      | 4408 ||| FLEEEEING.
  4409 | D:4      | 4409 ||| FLEEEEING.
  4410 | D:4      | 4410 ||| FLEEEEING.
  4502 | D:4      | 4502 ||| FLEEEEING.
  4503 | D:4      | 4503 ||| FLEEEEING.
  4504 | D:4      | 4504 ||| FLEEEEING.
  4580 | D:4      | 4580 ||| Invisible monster not found???
  4799 | D:4      | Found a shimmering blue altar of Sif Muna.
  4885 | D:4      | 4885 ||| Stepping ~*~*~tactically~*~*~ (stealth).
  4913 | D:4      | 4913 ||| Stepping ~*~*~tactically~*~*~ (stealth).
  4914 | D:4      | 4914 ||| Stepping ~*~*~tactically~*~*~ (stealth).
  4918 | D:4      | 4918 ||| Stepping ~*~*~tactically~*~*~ (stealth).
  4927 | D:4      | 4927 ||| Stepping ~*~*~tactically~*~*~ (hiding).
  4929 | D:4      | 4929 ||| Stepping ~*~*~tactically~*~*~ (hiding).
  4930 | D:4      | 4930 ||| Stepping ~*~*~tactically~*~*~ (hiding).
  5047 | D:4      | Found a staircase to the Ecumenical Temple.
  5048 | D:4      | 5048 ||| PLANNING TEMPLE
  5048 | D:4      | 5048 ||| UPGRADING to +0 chain mail.
  5058 | D:4      | 5058 ||| DROPPING +0 ring mail.
  5059 | D:4      | 5059 ||| READING scroll labelled PAIHEBB ULETT.
  5069 | Temple   | Entered the Ecumenical Temple
  5073 | Temple   | Became a worshipper of Warmaster Okawaru
  5078 | Temple   | 5078 ||| PLANNING D:1-11
  5085 | D:4      | 5085 ||| Stepping randomly (stuck).
  5153 | D:5      | Entered Level 5 of the Dungeon
  5154 | D:5      | 5154 ||| PLANNING OSSUARY
  5282 | D:5      | 5282 ||| Stepping ~*~*~tactically~*~*~ (hiding).
  5286 | D:5      | Noticed an orc warrior
  5290 | D:5      | HP: 9/36 [gnoll/+0 spear[a gnoll bouda] (2)]
  5290 | D:5      | HP: 1/36 [gnoll bouda/+2 whip of pain (8)]
  5291 | D:5      | Slain by a gnoll

Levels and vault maps discovered:
D:1:      roderic_dead_forest, layout_loops_corners, minmay_tripent
D:2:      layout_basic, basic_altar, serial_shops, nicolae_shop_stone,
          nicolae_shop_competitors_out_of_business, shop_statue, uniq_jessica,
          uniq_natasha
D:3:      layout_basic, trog_antimagical, minmay_misc_feat_alley
D:4:      layout_basic, tgw_sif, minmay_temple_entry_poolview
D:5:      layout_loops_ring, enter_ossuary_2
Temple:   sentei_temple_godly_chess

Skill      XL: |  1  2  3  4  5  6 |
---------------+-------------------+-----
Axes           | 3 4 5 6 7 |  7.0
Fighting       | |  2.9
Throwing       | |  1.0
Armour         | |  1.6
Dodging        | |  2.1
Spellcasting   | |  2.0
Translocations | |  2.4

Action                   |  1- 3 |  4- 6 || total
-------------------------+-------+-------++-------
Melee: Hand axe          |    56 |    86 ||   142
       Kick              |    10 |    42 ||    52
       Peck              |     8 |    23 ||    31
       Punch             |       |     3 ||     3
       War axe           |       |    68 ||    68
Throw: Boomerang         |     7 |       ||     7
  Use: Scroll            |       |    13 ||    13
       Potion            |       |     4 ||     4
Armor: Leather armour    |    20 |     3 ||    23
       Ring mail         |       |    22 ||    22
       Chain mail        |       |     5 ||     5
Dodge: Dodged            |    32 |    71 ||   103

Table legend:
 A = Non-vault XP
 B = Vault XP
 C = Vault XP percentage of total XP
 D = Non-vault monster count
 E = Vault monster count
 F = Vault count percentage of total count
                 A         B        C        D         E       F
            +---------+---------+-------+---------+---------+-------
      Total |     443 |     118 |  21.0 |      85 |       8 |   8.6
            +---------+---------+-------+---------+---------+-------
        D:1 |      32 |       4 |  11.1 |      18 |       2 |  10.0
        D:2 |     114 |      73 |  39.0 |      17 |       2 |  10.5
        D:3 |      53 |       6 |  10.2 |      27 |       3 |  10.0
        D:4 |     157 |      35 |  18.2 |      18 |       1 |   5.3
        D:5 |      87 |       0 |   0.0 |       5 |       0 |   0.0
            +---------+---------+-------+---------+---------+-------
